 Dungeon Crawl Stone Soup version 0.26.1-11-gd32895ea62 (webtiles) character file.

Game seed: 4405993147571808630

7 phalm the Conjurer (level 1, 0/13 HPs)
             Began as a Mummy Conjurer on June 18, 2021.
             Slain by a jackal (2 damage)
             ... on level 1 of the Dungeon.
             The game lasted 00:00:59 (192 turns).

phalm the Conjurer (Mummy Conjurer)                  Turns: 192, Time: 00:01:00

Health: 0/13       AC:  2    Str: 16    XL:     1   Next: 83%
Magic:  0/4        EV: 12    Int: 17    God:
Gold:   0          SH:  0    Dex: 10    Spells: 5/6 levels left

rFire    x . .     SeeInvis .   (no weapon)
rCold    + . .     Faith    .   (no shield)
rNeg     + + +     Spirit   .   a - +0 robe
rPois    ∞         Reflect  .   (no helmet)
rElec    .         Harm     .   (no cloak)
rCorr    .         Rampage  .   (no gloves)
Will     .....                  (no boots)
Stlth    ++........             (no amulet)
HPRegen  0.04/turn              S - +6 ring of strength
MPRegen  0.09/turn              (no ring)

@: very slightly contaminated
A: no potions, fire vulnerability, cold resistance 1, negative energy resistance
3, torment resistance, unbreathing
a: no special abilities


You were on level 1 of the Dungeon.
You visited 1 branch of the dungeon, and saw 1 of its levels.


Innate Abilities, Weirdness & Mutations

You do not drink.
Your flesh is vulnerable to fire.
You are immune to poison.
Your flesh is cold resistant. (rC+)
You are immune to negative energy. (rN+++)
You are immune to unholy pain and torment.
You can survive without breathing.


   Skills:
 - Level 1.5 Dodging
 - Level 1.5 Stealth
 * Level 3.2 Spellcasting
 + Level 3.3 Conjurations


You had 5 spell levels left.
You knew the following spells:

 Your Spells              Type           Power        Failure   Level
m - Magic Dart            Conj           56%          4%          1

Your spell library contained the following spells:

 Spells                   Type           Power        Failure   Level
 Searing Ray              Conj           28%          6%          2
 Dazzling Flash           Conj/Hex       16%          26%         3
 Fulminant Prism          Conj/Hex       4%           63%         4
 Iskenderun's Mystic Bla  Conj/Tloc      8%           63%         4

Inventory:

Missiles
 c - 19 stones
 d - 12 bolts
Armour
 a - a +0 robe (worn)
Jewellery
 S - a +6 ring of strength (left hand)
   (You found it on level 1 of the Dungeon)
Scrolls
 b - a scroll of remove curse {unknown}

Dungeon Overview and Level Annotations

Branches:
Dungeon (1/15)

Altars:

#.# #+# #.# #.# ##.# #.#
###.### .#.# #.#######
#..<..# ...###
#.......#######.#######...#.#
#.#####.+...........!.+.>..#
#.# #.####.#####.####...##
#.# #...##.#####.##......#
#.# ###.'..h@.....'.....# #.#
#######.######.#### #.#
#...........#†# #.#####
######.######.##### #.....#
#.# #.......# #####.# #.#
#....##.# #.# ##'# ##..#..#.#
#.# #..# #..###.....#
#.########.####...#..#.#.#


You could see a jackal.


Message History

😎 MP[-1]
You lost 1 mp, and now have 3/4 mp.
The magic dart hits the goblin.
You kill the goblin!
The jackal barks!
You hear a bark!
A jackal comes into view.
The jackal closely misses you.
You hear an angry hiss. 😎 MP[-1]
You lost 1 mp, and now have 2/4 mp.
The magic dart hits the jackal.
You kill the jackal!
Your Spellcasting skill increases to level 3! 😎 MP[-1]
You lost 1 mp, and now have 1/4 mp.
The magic dart hits the jackal.
The jackal barely misses you. The jackal bites you. 😕 HP[-1] MP[-1]
You take 1 damage, and now have 12/13 hp.
You lost 1 mp, and now have 0/4 mp.
The jackal misses you. 😎 HP[+1]
Your hp is fully restored (13).
The jackal bites you but does no damage. 😎 MP[+1]
Aiming: Magic Dart (safe; 4% risk of failure)
Press: ? - help, Q - select action, (/) - cycle Shift-Dir - straight line, f/p - jackal
Aim: a jackal (heavily wounded, 0% to evade)
The magic dart hits the jackal.
The jackal bites you.
The jackal barely misses you. 😕 HP[-1] MP[-1]
You take 1 damage, and now have 12/13 hp.
You lost 1 mp, and now have 0/4 mp.
You closely miss the jackal. The jackal closely misses you.
You hit the jackal but do no damage. The jackal bites you. 😕 HP[-1]
You take 1 damage, and now have 11/13 hp.
The jackal bites you but does no damage.
The jackal closely misses you. The jackal bites you. 😮 HP[-3]
You take 3 damage, and now have 8/13 hp.
MASSIVE DAMAGE!! (PAUSE)
The jackal closely misses you. 😮 MP[+1]
Aiming: Magic Dart (safe; 4% risk of failure)
Press: ? - help, Q - select action, (/) - cycle Shift-Dir - straight line, f/p - jackal
Aim: a jackal (heavily wounded, 0% to evade)
The magic dart hits the jackal.
You kill the jackal! 😮 MP[-1]
You lost 1 mp, and now have 0/4 mp.
The jackal misses you. The jackal bites you.
* * * LOW HITPOINT WARNING * * *
😨 HP[-2]
You take 2 damage, and now have 6/13 hp.
The jackal bites you.
* * * LOW HITPOINT WARNING * * *
😨 HP[-1]
You take 1 damage, and now have 5/13 hp.
The jackal bites you.
* * * LOW HITPOINT WARNING * * *
😨 MP[+1]
Aiming: Magic Dart (safe; 4% risk of failure)
Press: ? - help, Q - select action, (/) - cycle Shift-Dir - straight line, f - jackal
Aim: a jackal (0% to evade)
The magic dart hits the jackal.
The jackal bites you but does no damage. 😨 MP[-1]
You lost 1 mp, and now have 0/4 mp.
You hit the jackal. The jackal closely misses you. x2
You hit the jackal.
You kill the jackal!
The jackal bites you.
* * * LOW HITPOINT WARNING * * *
😱 HP[-2]
You take 2 damage, and now have 3/13 hp.
The jackal bites you but does no damage.
The jackal bites you.
* * * LOW HITPOINT WARNING * * *
There is an open door here. 😱 HP[-1]
You take 1 damage, and now have 2/13 hp. 😱 MP[+1]
Aiming: Magic Dart (safe; 4% risk of failure)
Press: ? - help, Q - select action, (/) - cycle Shift-Dir - straight line, f - jackal
Aim: a jackal (0% to evade)
You miscast Magic Dart.
You are very lightly contaminated with residual magic.
Nothing appears to happen.
The jackal closely misses you. The jackal barely misses you. 😱 MP[-1]
You lost 1 mp, and now have 0/4 mp.
You hit the jackal. The jackal closely misses you.
You closely miss the jackal. The jackal closely misses you.
The jackal completely misses you.
You barely miss the jackal. The jackal barely misses you. The jackal bites you.
You die...

Skill      XL: |  1 |
---------------+----+-----
Spellcasting   | 3 |  3.2
Dodging        | |  1.5
Stealth        | |  1.5
Conjurations   | |  3.3

Action                   || total
-------------------------++-------
Melee: Unarmed           ||     7
 Cast: Magic Dart        ||     9
Armor: Robe              ||     4
Dodge: Dodged            ||    16

Levels and vault maps discovered:
D:1:      shiori_shiawase, layout_loops_ring, serial_forest,
          infiniplex_forest_lined_4_way, infiniplex_forest_straight_4,
          infiniplex_forest_clump_double, infiniplex_forest_clump_tiny,
          infiniplex_forest_clump_double, infiniplex_forest_straight_2,
          minivault_23

Notes
Turn   | Place    | Note
-------+----------+-------------------------------------------
     0 | D:1      | phalm the Mummy Conjurer began the quest for the Orb.
     0 | D:1      | Reached XP level 1. HP: 13/13 MP: 4/4
     0 | D:1      | magus.rc [v1.9.10]
   147 | D:1      | Reached skill level 3 in Spellcasting
   178 | D:1      | HP: 3/13 [jackal (2)]
   184 | D:1      | HP: 2/13 [jackal (1)]
   192 | D:1      | Slain by a jackal

Vanquished Creatures
  A giant cockroach (D:1)
  A goblin (D:1)
  3 jackals (D:1)
5 creatures vanquished.

Table legend:
 A = Non-vault XP
 B = Vault XP
 C = Vault XP percentage of total XP
 D = Non-vault monster count
 E = Vault monster count
 F = Vault count percentage of total count
                 A         B        C        D         E       F
            +---------+---------+-------+---------+---------+-------
      Total |      10 |       0 |   0.0 |       5 |       0 |   0.0
            +---------+---------+-------+---------+---------+-------
        D:1 |      10 |       0 |   0.0 |       5 |       0 |   0.0
            +---------+---------+-------+---------+---------+-------

Illustrated notes

Table legend:
 A = Kills in this place as a percentage of kills in entire the game.
 B = Kills by you in this place as a percentage of kills by you in the entire game.
 C = Kills by friends in this place as a percentage of kills by friends in the entire game.
 D = Other kills in this place as a percentage of other kills in the entire game.
 E = Experience gained in this place as a percentage of experience gained in the entire game.
 F = Experience gained in this place divided by the number of levels of this place that you have seen.
                   A       B       C       D       E      F
               +-------+-------+-------+-------+-------+----------------------
         Total | 100.0 | 100.0 |   N/A |   N/A | 100.0 |  10.0
       Dungeon | 100.0 | 100.0 |   N/A |   N/A | 100.0 |  10.0
               +-------+-------+-------+-------+-------+----------------------

Table legend: (Time is in decaauts)
 A = Elapsed time spent in this place.
 B = Non-inter-level travel time spent in this place.
 C = Inter-level travel time spent in this place.
 D = Time resting spent in this place.
 E = Time spent auto-exploring this place.
 F = Levels seen in this place.
 G = Mean time per level.
                   A        B        C        D        E       F      G
               +--------+--------+--------+--------+--------+-----+--------+
         Total |    191 |    191 |      0 |      0 |    136 |   1 |  191.0 |
       Dungeon |    191 |    191 |      0 |      0 |    136 |   1 |  191.0 |
               +--------+--------+--------+--------+--------+-----+--------+

Top non-repeatable levels by time:
     D:1: 191 daAuts
